 Dungeon Crawl Stone Soup version 0.32-a0-39-g5c88369fb2 (webtiles) character file.

Game seed: 5295715342821802021

3938 Ge0ff the Thaumaturge (level 10, -6/70 HPs)
             Began as a Mummy Cinder Acolyte on Jan 31, 2024.
             Was an Initiate of Ignis.
             Mangled by a vault guard
             ... wielding a +0 broad axe
              (23 damage)
             ... in a bailey.
             The game lasted 00:15:13 (9274 turns).

Ge0ff the Thaumaturge (Mummy Cinder Acolyte)        Turns: 9274, Time: 00:15:14

Health: -6/70      AC:  5    Str: 20    XL:     10   Next: 1%
Magic:  13/24      EV: 11    Int: 19    God:    Ignis [......]
Gold:   286        SH:  0    Dex: 21    Spells: 19/29 levels left

rFire   . . .        a - +7 trident of Ignis's Wrath {flame, *Corrode rElec rC+ Str+3}
rCold   + + .        (no shield)
rNeg    + + +        b - +0 robe
rPois   ∞            h - +0 helmet
rElec   +            L - +0 cloak
rCorr   .            c - +0 pair of gloves
SInv    .            (no boots)
Will    +....        (no amulet)
Stlth   ++           Q - ring of Ycopna {Int+2 Dex+6, =R}
HPRegen 0.31/turn    l - +6 ring of dexterity
MPRegen 0.19/turn

%: corrode self (3%), faith
@: no status effects
A: cold resistance 1, negative energy resistance 3, torment resistance 2, heat
vulnerability 1, in touch with death 1, no potions, faith
a: Renounce Religion, Rising Flame


You were in a bailey.
You worshipped Ignis.
Ignis was noncommittal.
You visited 2 branches of the dungeon, and saw 8 of its levels.
You also visited: Ossuary and Bailey.

You collected 481 gold pieces.
You spent 195 gold pieces at shops.

Inventory:

Hand Weapons
 a - the +7 trident of Ignis's Wrath (weapon) {flame, *Corrode rElec rC+ Str+3}
   (You bought it in a shop on level 7 of the Dungeon)

   Str+3:     It affects your strength (+3).
   rC+:       It protects you from cold.
   rElec:     It insulates you from electricity.
   *Corrode:  It may corrode you when you take damage.
 j - a +4 quarterstaff of chaos
 p - the +4 dagger "Orb Guardian's Death" {drain, *Rage rN+++ Str+3}
   (You found it on level 4 of the Dungeon)

   Str+3:     It affects your strength (+3).
   rN+++:     It renders you almost immune to negative energy.
   *Rage:     It berserks you when you make melee attacks (+20% chance).
Missiles
 e - 74 stones
 g - 14 boomerangs
Armour
 b - a +0 robe (worn)
 c - a +0 pair of gloves (worn)
 h - a +0 helmet (worn)
 K - a +0 buckler
 L - a +0 cloak (worn)
 Z - a +2 leather armour of fire resistance
Magical Staves
 d - a staff of air
 R - a staff of earth
Jewellery
 f - a ring of flight
 k - a ring of protection from cold
 l - a +6 ring of dexterity (right hand)
 m - a ring of see invisible
 Q - the ring of Ycopna (left hand) {Int+2 Dex+6, =R}
   (You found it on level 6 of the Dungeon)

   [ring of dexterity]

   Int+2:     It affects your intelligence (+2).
   Dex+6:     It affects your dexterity (+6).
 U - a +5 ring of evasion
Scrolls
 B - a scroll of blinking
 E - a scroll of fear
 F - 4 scrolls of fog
 J - a scroll of silence {!r}
 S - a scroll of butterflies
 T - 2 scrolls of teleportation
 V - a scroll of vulnerability
 X - 2 scrolls of enchant weapon
 Y - a scroll of amnesia


   Skills:
 - Level 3.0 Fighting
 - Level 2.4 Polearms
 - Level 2.0 Stealth
 - Level 10.0 Spellcasting
 * Level 3.5 Conjurations
 + Level 7.4 Fire Magic
 * Level 4.6 Air Magic
 + Level 2.3 Earth Magic


You had 19 spell levels left.
You knew the following spells:

 Your Spells              Type           Power      Damage    Failure   Level
a - Arcjolt               Conj/Air       12%        1d22      36%         5
m - Stone Arrow           Conj/Erth      40%        3d9       7%          3
C - Scorch                Fire           74%        2d8       1%          2

Your spell library contained the following spells:

 Spells                   Type           Power      Damage    Failure   Level
 Magic Dart               Conj           92%        1d7       1%          1
 Sandblast                Erth           36%        2d10      2%          1
 Searing Ray              Conj           46%        2d6       2%          2
 Swiftness                Air            27%        N/A       3%          3
 Volatile Blastmotes      Fire/Tloc      46%        2d13      4%          3
 Passwall                 Erth           18%        N/A       9%          3
 Ensorcelled Hibernation  Hex/Ice        18%        N/A       11%         2
 Dazzling Flash           Conj/Hex       32%        N/A       11%         3
 Frozen Ramparts          Ice            18%        1d3       22%         3
 Brom's Barrelling Bould  Conj/Erth      20%        2d4       22%         4
 Vhi's Electric Charge    Tloc/Air       36%        N/A       28%         4
 Fulminant Prism          Conj/Alch      8%         3d7       34%         4
 Leda's Liquefaction      Alch/Erth      6%         N/A       41%         4
 Petrify                  Alch/Erth      13%        N/A       41%         4
 Starburst                Conj/Fire      15%        6d6       75%         6
 Metabolic Englaciation   Hex/Ice        4%         N/A       90%         5
 Maxwell's Capacitive Co  Air            13%        ∞         100%        8


Dungeon Overview and Level Annotations

Branches:
Dungeon (7/15) Zot: 26481  Temple (1/1) D:4 Zot: 5998 Ossuary (visited)
 Bailey (1/1) Zot: 5206

Altars:
Ashenzari
Cheibriados
Dithmenos
Fedhas
Gozag
Hepliaklqana
Kikubaaqudgha
Makhleb
Nemelex Xobeh
Okawaru
Qazlal
Ru
Sif Muna
Trog
Uskayaw
Vehumet
Wu Jian
Xom
Yredelemnul

Shops:
D:3 !   D:7 (

Annotations:
D:5 1 runed translucent door, Gilette's ghost, novice OnGl


Innate Abilities, Weirdness & Mutations

You are immune to poison.
Your flesh is cold resistant. (rC+)
You are immune to negative energy. (rN+++)
You are immune to unholy pain and torment.
You are vulnerable to heat. (rF-)
You are in touch with the powers of death.
You do not drink.
You have a special connection with the divine. (Faith)


Message History

The vault guard is severely wounded.
The foxfire hits the vault guard but does no damage.
The vault guard is severely wounded.
The foxfire hits the vault guard.
The vault guard is almost dead.
The foxfire hits the vault guard.
The vault guard is burned terribly!
The vault guard is almost dead.
The foxfire hits the vault guard but does no damage.
The vault guard is almost dead.
The foxfire hits the vault guard but does no damage.
The vault guard is almost dead.
The foxfire hits the vault guard but does no damage.
The vault guard is almost dead.
The foxfire hits the vault guard but does no damage.
The vault guard is almost dead.
The foxfire hits the vault guard but does no damage.
The vault guard is almost dead.
The foxfire hits the vault guard but does no damage.
The vault guard is almost dead.
The foxfire hits the vault guard but does no damage.
The vault guard is almost dead.
The foxfire hits the vault guard but does no damage.
The vault guard is almost dead.
The foxfire hits the vault guard but does no damage.
The vault guard is almost dead.
The foxfire hits the vault guard but does no damage.
The vault guard is almost dead.
The foxfire hits the vault guard.
The vault guard is burned terribly!
The vault guard is almost dead.
The foxfire hits the vault guard but does no damage.
The vault guard is almost dead.
The vault guard is engulfed in a cloud of scalding steam.
The vault guard attacks as it pursues you!
The vault guard hits you with a +0 broad axe!!
* * * LOW HITPOINT WARNING * * *
The vault guard hits your foxfire with a +0 broad axe.
The foxfire hits the vault guard but does no damage.
The vault guard is almost dead.
As you read the scroll of fear, it crumbles to dust.
You assume a fearsome visage.
The vault guard looks frightened!
Casting: Scorch (safe; 1% risk of failure)
Confirm with . or Enter, or press ? or * to list all spells.
Flames lash the vault guard.
The vault guard is burned terribly!
Your attack snaps the vault guard out of its fear.
The vault guard is almost dead.
Casting: Scorch (safe; 1% risk of failure)
Confirm with . or Enter, or press ? or * to list all spells.
Flames lash the vault guard but do no damage.
The vault guard hits you with a +0 broad axe!!
You die...

## ..... ## ##≈#
... #~##
##≈~~##'##~~~##
#≈~~~......~~~#
##≈~~...~......##
#≈~~~.~....~≈≈≈.#
#≈~~~~..§.~≈###+#
#≈~~~..p~~≈##
###≈~~~.@..~≈#
##.#≈~~~~..~≈##
##..##≈~~~..~≈#
##....#≈~≈≈~.~≈#
#.....##≈##≈.~≈##
#......####≈..~≈#
#......'..#≈.)~≈#
###'####..###'###
##~~~##...#.....#


You could see a vault guard (combustible).

Vanquished Creatures
  Prince Ribbit (D:5)
  A blink frog (Bailey)
  Eustachio (D:5)
  4 humans (Bailey)
  3 black bears
  An ogre (D:7)
  A centaur (D:6)
  A phantom (D:5)
  Blork the orc (D:5)
  10 bullfrogs
  7 scorpions
  5 wights (D:7)
  2 bombardier beetles
  A howler monkey (D:7)
  2 centaur zombies (Ossuary)
  Crazy Yiuf (D:2)
  2 jellies (D:6)
  3 hounds
  2 human zombies (Ossuary)
  2 orc priests
  Natasha (thrice) (D:3)
  3 scorpion zombies (Ossuary)
  2 iguanas
  2 orc wizards
  3 mummies (Ossuary)
  Robin (D:2)
  6 adders
  3 gnolls
  A shadow imp (D:5)
  A white imp (D:3)
  2 adder zombies (Ossuary)
  2 ribbon worms (D:2)
  4 dart slugs
  14 orcs
  7 ball pythons
  A bat (D:2)
  4 endoplasms
  5 giant cockroaches
  27 goblins
  11 hobgoblins
  5 jackals (D:2)
  5 quokkas
  A ball python zombie (Ossuary)
  A frilled lizard (D:3)
  5 gnoll zombies (Ossuary)
  A jackal zombie (Ossuary)
  7 kobolds
  3 orc zombies (Ossuary)
  4 rats
185 creatures vanquished.

Vanquished Creatures (others)
  103 foxfires
103 creatures vanquished.

Grand Total: 288 creatures vanquished

Notes
Turn   | Place    | Note
-------+----------+-------------------------------------------
     0 | D:1      | Ge0ff the Mummy Cinder Acolyte began the quest for the Orb.
     0 | D:1      | Reached XP level 1. HP: 18/18 MP: 2/2
   702 | D:1      | Reached XP level 2. HP: 24/24 MP: 4/4
   705 | D:1      | Learned a level 2 spell: Scorch
   877 | D:1      | Reached skill level 2 in Spellcasting
   906 | D:1      | Reached skill level 1 in Stealth
  1243 | D:2      | Reached XP level 3. HP: 29/29 MP: 3/6
  1250 | D:2      | Noticed a scorpion
  1257 | D:2      | Killed a scorpion
  1258 | D:2      | Reached skill level 3 in Spellcasting
  1258 | D:2      | Reached XP level 4. HP: 35/35 MP: 5/8
  1262 | D:2      | Noticed Robin
  1286 | D:2      | Killed Robin
  1438 | D:2      | Reached XP level 5. HP: 41/41 MP: 7/10
  1691 | D:2      | Found a runed translucent door.
  1692 | D:2      | Noticed Crazy Yiuf
  1700 | D:2      | Killed Crazy Yiuf
  1701 | D:2      | Reached skill level 4 in Spellcasting
  1926 | D:2      | Found a faded altar of an unknown god.
  2516 | D:3      | Noticed Natasha
  2522 | D:3      | Killed Natasha
  2608 | D:3      | Reached XP level 6. HP: 47/47 MP: 4/13
  2752 | D:3      | Found Visenor's Distillery.
  2771 | D:3      | Reached skill level 5 in Spellcasting
  3240 | D:3      | Noticed Natasha
  3245 | D:3      | Killed Natasha
  3473 | D:3      | Noticed Natasha
  3476 | D:3      | Killed Natasha
  3628 | D:4      | Found a staircase to the Ecumenical Temple.
  3637 | Temple   | Entered the Ecumenical Temple
  3696 | D:4      | Learned a level 3 spell: Stone Arrow
  3799 | D:4      | Identified the +4 dagger "Orb Guardian's Death" {drain,
                  | *Rage rN+++ Str+3}
  3843 | D:4      | Reached skill level 6 in Spellcasting
  3843 | D:4      | Reached XP level 7. HP: 36/52 MP: 2/16
  4490 | D:5      | Entered Level 5 of the Dungeon
  4507 | D:5      | Found a shadowy altar of Dithmenos.
  4510 | D:5      | Reached skill level 5 in Fire Magic
  4519 | D:5      | Noticed Gilette's ghost (novice OnGl)
  4527 | D:5      | Noticed Blork the orc
  4669 | D:5      | Found a runed translucent door.
  4715 | D:5      | Noticed Prince Ribbit
  4728 | D:5      | Killed Prince Ribbit
  4729 | D:5      | Reached skill level 7 in Spellcasting
  4759 | D:5      | Killed Blork the orc
  4762 | D:5      | Found a hide-covered altar of Uskayaw.
  4773 | D:5      | Noticed Eustachio
  4774 | D:5      | Reached XP level 8. HP: 58/58 MP: 11/19
  4783 | D:5      | Killed Eustachio
  4784 | D:5      | Reached skill level 8 in Spellcasting
  4824 | D:5      | Found a sand-covered staircase.
  4829 | Ossuary  | Entered an ossuary
  5004 | Ossuary  | Learned a level 5 spell: Arcjolt
  5332 | Ossuary  | Reached skill level 1 in Air Magic
  5928 | Ossuary  | Reached skill level 9 in Spellcasting
  6501 | D:5      | Found a stormy altar of Qazlal.
  6765 | D:5      | Found an ornate altar of the Wu Jian Council.
  7255 | D:6      | Identified the ring of Ycopna {Int+2 Dex+6}
  7279 | D:6      | Reached XP level 9. HP: 63/63 MP: 15/22
  7480 | D:6      | Found a shimmering altar of Xom.
  7558 | D:6      | Reached skill level 1 in Conjurations
  7661 | D:6      | Found an opulent altar of Gozag.
  8112 | D:7      | Found Ulip's Antique Weapon Boutique.
  8116 | D:7      | Bought a jewelled trident for 195 gold pieces
  8116 | D:7      | Identified the +7 trident of Ignis's Wrath {flame, *Corrode
                  | rElec rC+ Str+3} (You bought it in a shop on level 7 of the
                  | Dungeon)
  8170 | D:7      | Reached skill level 1 in Earth Magic
  8382 | D:7      | Found a flagged portal.
  8490 | Bailey   | Entered a bailey
  9093 | Bailey   | Reached skill level 10 in Spellcasting
  9257 | Bailey   | Noticed a vault guard
  9269 | Bailey   | Reached XP level 10. HP: 40/70 MP: 18/24
  9274 | Bailey   | Mangled by a vault guard

Illustrated notes

Levels and vault maps discovered:
D:1:      roadster_arrival_rocket_large, layout_basic, supply_closet_lemuel,
          minmay_misc_feat_hallway
D:2:      layout_loops_ring, hellmonk_ecumenical_altar_lost_god, minmay_3d_cube,
          uniq_robin, uniq_crazy_yiuf_cottage
D:3:      layout_loops_ring, serial_shops, shop, dk_noncrumbling_2, uniq_natasha
D:4:      kennysheep_six_static_rooms, layout_basic, minmay_temple_entry_waves
D:5:      layout_layer_cave, grunt_dithmenos_shadows, nzn_wu_jian_council_hall,
          mainiacjoe_overflow_large_starburst, hellmonk_ghost_happy_afterlife,
          enter_ossuary_5, grunt_decor_clamped, uniq_blork_the_orc,
          uniq_eustachio, uniq_prince_ribbit1
D:6:      layout_loops_ring, lemuel_doored_altar, nicolae_overflow_crystal_walls
D:7:      layout_basic, enter_bailey_7, serial_shops,
          nicolae_shop_hallway_stairs, shop, shop
Temple:   nicolae_temple_bog_church
Bailey:   bailey_axe_froggy_fort_hellmonk, bailey

Skill      XL: |  1  2  3  4  5  6  7  8  9 |
---------------+----------------------------+-----
Spellcasting   | 2 3 4 6 7 9 10 | 10.0
Stealth        | 1 2 |  2.0
Fire Magic     | 3 4 5 6 7 |  7.4
Air Magic      | 2 4 |  4.6
Conjurations   | 3 |  3.5
Earth Magic    | 2 |  2.3
Fighting       | |  3.0
Polearms       | |  2.4

Action                     |  1- 3 |  4- 6 |  7- 9 | 10-12 || total
---------------------------+-------+-------+-------+-------++-------
  Melee: Spear             |    72 |    77 |     6 |       ||   155
         Punch             |     2 |       |       |       ||     2
         Trident           |       |       |    11 |       ||    11
  Throw: Stone             |       |       |     4 |       ||     4
   Cast: Scorch            |     8 |    72 |   203 |     3 ||   286
 Invoke: Fiery Armour      |     1 |     2 |     2 |       ||     5
         Foxfire Swarm     |       |       |     4 |     1 ||     5
    Use: Scroll            |     1 |     3 |    10 |     1 ||    15
   Stab: Sleeping          |       |     1 |       |       ||     1
 Armour: Robe              |    31 |    62 |    81 |     2 ||   176
  Dodge: Dodged            |    22 |    51 |    76 |     2 ||   151

Table legend: (Time is in decaauts)
 A = Elapsed time spent in this place.
 B = Non-inter-level travel time spent in this place.
 C = Inter-level travel time spent in this place.
 D = Time resting spent in this place.
 E = Time spent auto-exploring this place.
 F = Levels seen in this place.
 G = Mean time per level.
                   A        B        C        D        E       F      G
               +--------+--------+--------+--------+--------+-----+--------+
         Total |   9277 |   8919 |    358 |    847 |   6293 |  10 |  927.7 |
       Dungeon |   7229 |   6872 |    357 |     94 |   5417 |   7 | 1032.7 |
        Temple |      1 |      1 |      0 |      0 |      0 |   1 |    1.0 |
       Ossuary |   1254 |   1254 |      0 |    199 |    789 |   1 | 1254.0 |
        Bailey |    792 |    792 |      0 |    554 |     87 |   1 |  792.0 |
               +--------+--------+--------+--------+--------+-----+--------+

Top non-repeatable levels by time:
     D:5: 1322 daAuts
     D:3: 1310 daAuts
 Ossuary: 1254 daAuts
     D:2: 1194 daAuts
     D:1: 1068 daAuts
     D:4: 1019 daAuts
     D:6: 866 daAuts
  Bailey: 792 daAuts
     D:7: 447 daAuts
  Temple: 1 daAuts
